 Dungeon Crawl Stone Soup version 0.29.0-11-gd7f09526c8 (webtiles) character file.

Game seed: 16052676644388718037

1936 smilodon the Cutter (level 8, -4/58 HPs)
             Began as a Demonspawn Fighter on Sept 6, 2022.
             Was a Priest of Kikubaaqudgha.
             Killed by divine providence
             ... invoked by an orc priest
              (17 damage)
             ... on level 5 of the Dungeon.
             The game lasted 00:14:50 (5873 turns).

smilodon the Cutter (Demonspawn Fighter)            Turns: 5873, Time: 00:14:50

Health: -4/58      AC: 22    Str: 20    XL:     8   Next: 97%
Magic:  23/23      EV: 13    Int: 16    God:    Kikubaaqudgha [***...]
Gold:   209        SH:  9    Dex: 14    Spells: 14/15 levels left

rFire   + . .      SeeInvis +   q - +4 dagger "Morg" {pain, Will+ Int+5}
rCold   . . .      Faith    .   c - +0 buckler
rNeg    . . .      Spirit   .   b - +0 scale mail
rPois   .          Reflect  .   v - +1 helmet of Duguycapp {+Blink rF+ Int+2 SInv}
rElec   .          Harm     .   f - +0 cloak
rCorr   .          Rampage  .   (no gloves)
Will    +....                   n - +1 pair of boots
Stlth   +.........              (no amulet)
HPRegen 0.19/turn               m - ring of magical power
MPRegen 0.18/turn               w - +4 ring of evasion

@: sanguine armoured, studying Polearms
A: icemail 1, sanguine armour 1, condensation shield, thin skeletal structure 1
a: Renounce Religion, Evoke Blink, Unearth Wretches


You were on level 5 of the Dungeon.
You worshipped Kikubaaqudgha.
Kikubaaqudgha was most pleased with you.
You visited 1 branch of the dungeon, and saw 6 of its levels.

You collected 209 gold pieces.

Inventory:

Hand Weapons
 a - a +0 trident
 h - the +8 hand axe of Ankonoel {antimagic, Fly rF- rC- Stlth+}
   (You found it on level 2 of the Dungeon)

   It reduces the magical energy of the wielder, and disrupts the spells and
   magical abilities of those it strikes.
   Natural abilities and divine invocations are not affected.
   rF:        It makes you vulnerable to fire.
   rC:        It makes you vulnerable to cold.
   Fly:       It grants you flight.
   Stlth:     It makes you more stealthy.
 q - the +4 dagger "Morg" (weapon) {pain, Will+ Int+5}
   (You found it on level 2 of the Dungeon)

   In the hands of one skilled in necromantic magic, it inflicts extra damage on
   living creatures.
   Int:       It affects your intelligence (+5).
   Will:      It increases your willpower.
Missiles
 i - 4 poisoned darts (quivered)
 t - 3 boomerangs
 u - 2 javelins
 x - 2 throwing nets
Armour
 b - a +0 scale mail (worn)
 c - a +0 buckler (worn)
 f - a +0 cloak (worn)
 n - a +1 pair of boots (worn)
 v - the +1 helmet of Duguycapp (worn) {+Blink rF+ Int+2 SInv}
   (You found it on level 4 of the Dungeon)

   Int:       It affects your intelligence (+2).
   rF:        It protects you from fire.
   SInv:      It lets you see invisible.
   +Blink:    It lets you blink.
 E - an orb of mayhem
Jewellery
 m - a ring of magical power (left hand)
 w - a +4 ring of evasion (right hand)
 z - a ring of resist corrosion
Wands
 j - a wand of digging (4)
Scrolls
 g - a scroll of amnesia
 k - 2 scrolls of enchant armour
 l - 2 scrolls of silence
 p - a scroll of torment
 r - a scroll of enchant weapon
 s - 2 scrolls of poison
 y - a scroll of immolation
 A - a scroll of teleportation {unknown}
 C - 2 scrolls of blinking
Potions
 d - a potion of ambrosia
 e - 2 potions of magic
 o - 2 potions of flight


   Skills:
 - Level 3.3 Fighting
 * Level 6.3 Short Blades
 - Level 4.4(4.7) Axes
 - Level 2.2(3.6) Polearms
 - Level 3.0 Armour
 - Level 3.0 Shields
 + Level 4.3 Spellcasting
 + Level 5.2 Necromancy


You had 14 spell levels left.
You knew the following spells:

 Your Spells              Type           Power      Damage    Failure   Level
a - Necrotise             Necr           80%        1d8       7%          1

Your spell library contained the following spells:

 Spells                   Type           Power      Damage    Failure   Level
 Vampiric Draining        Necr           20%        2d7       22%         3
 Animate Dead             Necr           20%        N/A       56%         4
 Ensorcelled Hibernation  Hex/Ice        6%         N/A       67%         2
 Passwall                 Tmut/Erth      2%         N/A       67%         2
 Gell's Gravitas          Tloc           3%         N/A       88%         3
 Summon Guardian Golem    Hex/Summ       3%         N/A       88%         3
 Swiftness                Air            3%         N/A       88%         3
 Teleport Other           Tloc           3%         N/A       88%         3
 Agony                    Necr           20%        N/A       89%         5
 Anguish                  Hex/Necr       5%         N/A       91%         4
 Corpse Rot               Necr/Pois/Air  9%         N/A       96%         4
 Borgnjor's Vile Clutch   Necr/Erth      5%         N/A       99%         5
 Death Channel            Necr           10%        N/A       100%        6
 Dispersal                Tloc           1%         N/A       100%        6
 Simulacrum               Ice/Necr       5%         N/A       100%        6
 Haunt                    Necr/Summ      5%         N/A       100%        7
 Orb of Destruction       Conj           1%         9d5       100%        7
 Spellforged Servitor     Conj/Summ      1%         N/A       100%        7
 Infestation              Necr           10%        N/A       100%        8


Dungeon Overview and Level Annotations

Branches:
Dungeon (6/15)
 Temple: D:4-7

Altars:
Cheibriados
Kikubaaqudgha
Nemelex Xobeh
Okawaru
Uskayaw
Wu Jian


Innate Abilities, Weirdness & Mutations

A meltable icy envelope protects you from harm. (AC +4)
When seriously injured, your blood forms armour. (AC +6)
A meltable shield of frost defends you. (SH +4)
You have a somewhat thin skeletal structure. (Dex +2, Stealth+)


Message History

The orc priest writhes in agony.
The centaur shouts!
You block the orc's attack.
The orc priest mumbles some strange prayers to Beogh against you.
Beogh smites you!
Your blood congeals into armour.
The orc priest completely misses you.
You hit the orc priest but do no damage.
The orc priest is almost dead.
The bullfrog hits you. You block the orc's attack.
The orc priest calls upon Beogh to heal the orc priest.
The orc priest is healed somewhat.
The orc priest barely misses you. The orc attacks as you move away!
The orc hits you but does no damage. You block the bullfrog's attack.
Things that are here:
a +0 short sword; a +0 scale mail; an orc corpse The orc priest calls down the wrath of Beogh upon you.
Beogh smites you!
* * * LOW HITPOINT WARNING * * *
The bullfrog attacks as you move away! You block the bullfrog's attack.
The bullfrog hits you.
* * * LOW HITPOINT WARNING * * *
The orc priest calls upon Beogh to heal the orc priest.
The orc priest is healed somewhat.
The bullfrog hits you.
* * * LOW HITPOINT WARNING * * *
There is a stone staircase leading up here.
You block the bullfrog's attack.
The bullfrog hits you but does no damage.
You block the orc priest's attack.
You climb upwards.
There is a stone staircase leading down here.
You hit the orc priest.
The orc priest writhes in agony.
The orc priest is heavily wounded.
You block the bullfrog's attack.
You hit the orc priest.
The orc priest writhes in agony.
The orc priest is severely wounded.
The orc priest invokes the aid of Beogh against you.
Beogh smites you!
You die...
Kikubaaqudgha rasps: "You have failed me!
Welcome... death!"

.....).###....#........ .......#
##...#.........
.......####...#.........
.......<................
........###..<.......>..
.........###............
.............##.........
...[...#..#####.o.......
.......##.##....@.......
.......##....##F........
...######..#####........
.#.######....# ##......#
.#........##.## #######
###....#####))#######
###....######.......############
....................##.........#
##..#..........................#


You could see a bullfrog and an orc priest.

Vanquished Creatures
  Pikel (D:4)
  Sigmund (D:2)
  A steam dragon (D:6)
  A water moccasin (D:3)
  An ice beast (D:5)
  An orc warrior (D:6)
  An ogre (D:4)
  A lemure (D:4)
  A centaur (D:6)
  2 necrophages
  4 hounds
  An orc priest (D:6)
  Natasha (D:2)
  8 orc wizards
  A howler monkey zombie (D:2)
  7 gnolls
  7 adders
  An adder skeleton (D:2)
  3 worms
  3 dart slugs
  13 orcs
  8 ball pythons
  2 bat zombies (D:2)
  3 endoplasms
  5 giant cockroaches
  5 goblins
  3 hobgoblins
  6 jackals
  2 quokkas
  A ball python skeleton (D:2)
  3 bats
  A frilled lizard (D:2)
  6 kobolds
  A rat (D:2)
  A spectral ball python (D:2)
107 creatures vanquished.

Vanquished Creatures (others)
  An ice beast (D:5)
  An orc wizard (D:6)
  An adder (D:5)
  16 withered plants (D:2)
19 creatures vanquished.

Grand Total: 126 creatures vanquished

Notes
Turn   | Place    | Note
-------+----------+-------------------------------------------
     0 | D:1      | smilodon the Demonspawn Fighter began the quest for the
                  | Orb.
     0 | D:1      | Reached XP level 1. HP: 18/18 MP: 1/1
   130 | D:1      | Gained mutation: A meltable shield of frost defends you.
                  | (SH +4) [demonic ancestry]
   130 | D:1      | Reached XP level 2. HP: 10/24 MP: 2/2
   449 | D:1      | You fall into a shaft and drop 1 floor!
   577 | D:2      | Reached XP level 3. HP: 27/29 MP: 3/3
   581 | D:2      | Identified the +8 hand axe of Ankonoel {antimagic, Fly rF-
                  | rC- Stlth+}
   789 | D:2      | Found a faded altar of an unknown god.
   800 | D:2      | Reached skill level 1 in Axes
   858 | D:2      | Prayed at the altar of an unknown god.
   858 | D:2      | Became a worshipper of Kikubaaqudgha
   858 | D:2      | Reached * piety under Kikubaaqudgha
   858 | D:2      | Received a gift from Kikubaaqudgha
  1487 | D:2      | Noticed Sigmund
  1489 | D:2      | Noticed Natasha
  1496 | D:2      | Killed Sigmund
  1497 | D:2      | Gained mutation: A meltable icy envelope protects you from
                  | harm. (AC +4) [demonic ancestry]
  1497 | D:2      | Reached XP level 4. HP: 17/35 MP: 4/4
  1497 | D:2      | Gained mutation: When seriously injured, your blood forms
                  | armour. (AC +6) [demonic ancestry]
  1497 | D:2      | Reached XP level 5. HP: 20/41 MP: 4/5
  1500 | D:2      | Killed Natasha
  1504 | D:2      | Found the +4 dagger "Morg" {pain, Will+ Int+5}
  1777 | D:3      | Reached XP level 6. HP: 47/47 MP: 6/6
  1791 | D:3      | Found an ornate altar of the Wu Jian Council.
  1965 | D:3      | Found a snail-covered altar of Cheibriados.
  2015 | D:3      | Found a sparkling altar of Nemelex Xobeh.
  2036 | D:3      | Reached skill level 1 in Short Blades
  2134 | D:3      | Found a hide-covered altar of Uskayaw.
  2304 | D:3      | Reached ** piety under Kikubaaqudgha
  2317 | D:3      | Found an iron altar of Okawaru.
  2394 | D:3      | Learned a level 1 spell: Necrotise
  2409 | D:4      | Noticed a water moccasin
  2432 | D:3      | Killed a water moccasin
  2433 | D:3      | Reached skill level 2 in Short Blades
  2433 | D:3      | Reached skill level 1 in Spellcasting
  2433 | D:3      | Reached skill level 1 in Necromancy
  3273 | D:4      | Reached XP level 7. HP: 52/52 MP: 9/9
  3565 | D:4      | Identified the +1 helmet of Duguycapp {+Blink rF+ Int+2
                  | SInv}
  3662 | D:5      | Entered Level 5 of the Dungeon
  3666 | D:5      | Noticed Pikel
  3839 | D:4      | Killed Pikel
  3840 | D:4      | Reached skill level 4 in Short Blades
  4050 | D:4      | Reached XP level 8. HP: 30/58 MP: 12/12
  4325 | D:4      | Reached skill level 5 in Short Blades
  4596 | D:5      | Found an ancient bone altar of Kikubaaqudgha.
  4741 | D:5      | Gained mutation: You have a somewhat thin skeletal
                  | structure. (Dex +2, Stealth+) [potion of mutation]
  5168 | D:6      | Reached *** piety under Kikubaaqudgha
  5168 | D:6      | Received a gift from Kikubaaqudgha
  5415 | D:6      | Reached skill level 6 in Short Blades
  5415 | D:6      | Reached skill level 5 in Necromancy
  5873 | D:5      | Killed from afar by an orc priest

Illustrated notes

Levels and vault maps discovered:
D:1:      sevenhm_arrival_forest_fort_large_2, layout_basic, chequers_arboretum,
          hangedman_decor_diamond_cutter
D:2:      layout_loops_ring, ebering_ecumenical_altar_mist,
          dilly_guarded_unrand_morg, uniq_sigmund
D:3:      layout_rooms, mainiacjoe_overflow_cross_hatched, old_standard_altar,
          mainiacjoe_overflow_large_starburst, okawaru_trees_2
D:4:      nicolae_cairo_tiling_large_dashed, layout_cave_pools,
          minmay_manual_mess
D:5:      layout_rooms, kennysheep_mini, lemuel_flamethrower_2, uniq_pikel
D:6:      layout_gridville, trog_hazing_becter, serial_shops,
          kennysheep_mini_moat, dreamdust_princess_corridor, uniq_blork_the_orc

Skill      XL: |  1  2  3  4  5  6  7  8 |
---------------+-------------------------+-----
Polearms       | 2 |  2.2
Armour         | 3 |  3.0
Shields        | 3 |  3.0
Axes           | 4 |  4.4
Short Blades   | 2 4 6 |  6.3
Spellcasting   | 1 3 4 |  4.3
Necromancy     | 2 3 5 |  5.2
Fighting       | |  3.3

Action                   |  1- 3 |  4- 6 |  7- 9 || total
-------------------------+-------+-------+-------++-------
Melee: Trident           |    43 |       |       ||    43
       Hand axe          |    42 |     6 |       ||    48
       Dagger            |       |   114 |   285 ||   399
 Cast: Necrotise         |       |       |     7 ||     7
Invok: Unearth Wretches  |       |       |     1 ||     1
  Use: Potion            |     2 |     7 |     2 ||    11
       Scroll            |       |     5 |     5 ||    10
Armor: Scale mail        |    30 |    56 |   104 ||   190
Dodge: Dodged            |    45 |    58 |   169 ||   272
Block: Buckler           |    31 |    50 |   113 ||   194
